 Dungeon Crawl Stone Soup version 0.29.1-2-gbd0b4ee654 (webtiles) character file.

Game seed: 5448897544614235178

288 qeuew the Shooter (level 6, 0/28 HPs)
             Began as a Spriggan Hunter on Nov 15, 2022.
             Killed by divine providence
             ... invoked by an orc priest
              (14 damage)
             ... on level 4 of the Dungeon.
             The game lasted 00:04:18 (3249 turns).

qeuew the Shooter (Spriggan Hunter)                 Turns: 3249, Time: 00:04:19

Health: 0/28       AC:  3    Str:  9    XL:     6   Next: 9%
Magic:  7/7        EV: 21    Int: 10    God:
Gold:   236        SH:  0    Dex: 27    Spells: 5/5 levels left

rFire   + + .      SeeInvis +   a - +0 shortbow
rCold   . . .      Faith    .   (shield currently unavailable)
rNeg    . . .      Spirit   .   c - +1 robe
rPois   .          Reflect  .   (helmet restricted)
rElec   +          Harm     .   (no cloak)
rCorr   .          Rampage  .   (gloves unavailable)
Will    +....                   (boots unavailable)
Stlth   +++.......              k - amulet of regeneration
HPRegen 0.89/turn               f - ring "Diotet" {*Corrode rElec rF++ Str+2 Dex+6}
MPRegen 0.10/turn               (no ring)

@: very quick
A: very small, no large weapons, unfitting armour, see invisible, speed 3, frail
1
a: no special abilities


You were on level 4 of the Dungeon.
You visited 1 branch of the dungeon, and saw 4 of its levels.

You collected 236 gold pieces.

Inventory:

Hand Weapons
 a - a +0 shortbow (weapon)
 i - a +1 dagger of venom
Armour
 c - a +1 robe (worn)
Jewellery
 f - the ring "Diotet" (left hand) {*Corrode rElec rF++ Str+2 Dex+6}
   (You acquired it on level 1 of the Dungeon)

   [ring of dexterity]

   Str:       It affects your strength (+2).
   Dex:       It affects your dexterity (+6).
   rF:        It greatly protects you from fire.
   rElec:     It insulates you from electricity.
   *Corrode:  It may corrode you when you take damage.
 g - a ring of fire
 k - an amulet of regeneration (around neck)
Wands
 d - a wand of flame (26)
Scrolls
 b - 2 scrolls of teleportation
 n - 2 scrolls of magic mapping
Potions
 e - a potion of haste
 j - 2 potions of curing
 l - a potion of flight
 m - a potion of ambrosia
 p - a potion of heal wounds


   Skills:
 + Level 2.7 Fighting
 + Level 2.2 Short Blades
 + Level 4.8 Ranged Weapons
 + Level 4.6 Dodging
 + Level 4.4 Stealth
 + Level 1.1 Evocations


You had 5 spell levels left.
You didn't know any spells.
Your spell library was empty.

Dungeon Overview and Level Annotations

Branches:
Dungeon (4/15)
 Temple: D:4-7

Altars:

Shops:
D:2 (


Innate Abilities, Weirdness & Mutations

You are very small and have problems with some larger weapons.
You are too small for most types of armour.
You have supernaturally acute eyesight. (SInv)
You cover ground extremely quickly. (Speed+++)
You are frail. (-10% HP)


Message History

You kill the endoplasm!
No target in view!
No target in view!
g - a ring of fire No target in view!
No target in view!
An orc comes into view. It is wielding a +0 dagger.
You shoot an arrow. The orc shouts!
The arrow hits the orc!
You kill the orc!
An orc priest is nearby!
You shoot an arrow.
The arrow closely misses the orc priest.
The orc priest shouts!
An orc priest is nearby!
You shoot an arrow.
The arrow hits the orc priest but does no damage.
The orc priest calls down the wrath of Beogh upon you.
Beogh smites you!
Ouch! That really hurt!
You are too injured to fight recklessly!
You are too injured to fight recklessly!
You are too injured to fight recklessly!
You are too injured to fight recklessly!
You are too injured to fight recklessly!
Fire: a) +0 shortbow
Press: ? - help, Q - select action, (/) - cycle Shift-Dir - straight line, f/p - orc priest
Aim: an orc priest, wielding a +0 hand axe and wearing a +0 ring mail (71% to hit)
You shoot an arrow. The arrow barely misses the orc priest.
The orc priest looks braver for a moment.
Fire: a) +0 shortbow
Press: ? - help, Q - select action, (/) - cycle Shift-Dir - straight line, f/p - orc priest
Aim: an orc priest, wielding a +0 hand axe and wearing a +0 ring mail (71% to hit)
You shoot an arrow. The arrow hits the orc priest!
The orc priest is almost dead.
The orc priest calls down the wrath of Beogh upon you.
Beogh smites you!
Ouch! That really hurt!
You die...

######### ###...)?..#
..........# #)......#
#######.....=.##
#....##o)......###
#...@.............#
#....##.......###..#
#.####.###.............
#......###.......#### #
#####................
#.##.####.######
#.#<......##
..#.####.^.##
.............###


You could see an orc priest.

Vanquished Creatures
  A kobold brigand (D:3)
  Terence (D:3)
  Natasha (thrice) (D:2)
  3 adders (D:2)
  A shadow imp (D:3)
  A worm (D:2)
  2 dart slugs
  2 orcs
  4 ball pythons
  7 bats
  6 endoplasms
  4 giant cockroaches
  3 goblins
  9 hobgoblins
  3 quokkas
  5 frilled lizards
  17 kobolds
  10 rats
82 creatures vanquished.

Notes
Turn   | Place    | Note
-------+----------+-------------------------------------------
     0 | D:1      | qeuew the Spriggan Hunter began the quest for the Orb.
     0 | D:1      | Reached XP level 1. HP: 10/10 MP: 2/2
   405 | D:1      | Reached XP level 2. HP: 10/15 MP: 3/3
  1233 | D:1      | Identified a scroll of acquirement
  1233 | D:1      | Acquired the ring "Diotet" {*Corrode rElec rF++ Str+2
                  | Dex+6}
  1240 | D:1      | Gained mutation: You are frail. (-10% HP) [potion of
                  | mutation]
  1297 | D:2      | Found a faded altar of an unknown god.
  1332 | D:2      | Reached XP level 3. HP: 7/16 MP: 4/4
  1541 | D:2      | Found Fowes's Weapon Boutique.
  1671 | D:2      | You fall into a shaft and drop 2 floors!
  1704 | D:3      | Noticed Terence
  1709 | D:3      | Killed Terence
  1710 | D:3      | Reached XP level 4. HP: 20/20 MP: 5/5
  1772 | D:2      | Reached skill level 1 in Short Blades
  1782 | D:2      | Noticed Natasha
  1784 | D:2      | Killed Natasha
  2013 | D:2      | Noticed Natasha
  2021 | D:2      | Killed Natasha
  2104 | D:2      | Reached XP level 5. HP: 24/24 MP: 6/6
  2343 | D:2      | Noticed Natasha
  2349 | D:2      | Killed Natasha
  2914 | D:3      | Reached skill level 1 in Evocations
  2914 | D:3      | Reached XP level 6. HP: 28/28 MP: 7/7
  3249 | D:4      | Killed from afar by an orc priest

Illustrated notes

Levels and vault maps discovered:
D:1:      amcnicky_arrival_wind_blow, layout_loops_ring, minmay_misc_feat_alley,
          nicolae_concentric_dashed_squares_wild, minmay_pentomino_p4
D:2:      layout_loops_corners, serial_shops, nicolae_shop_behind_doors,
          ebering_ecumenical_altar_hall, kennysheep_cluttered_room, uniq_natasha
D:3:      cheibrodos_thug_alley, layout_loops_ring, serial_aquarium,
          aquarium_bridge_long_separate [aquarium_subvault_wall,
          aquarium_subvault_wall, aquarium_subvault_bridge,
          aquarium_subvault_wall, aquarium_subvault_window,
          aquarium_subvault_bridge], aquarium_window_fake, aquarium_window_fake,
          aquarium_view_2b, uniq_terence
D:4:      layout_rooms, lemuel_mausoleum_altar_kikubaaqudgha, uniq_ijyb

Skill      XL: |  1  2  3  4  5 |
---------------+----------------+-----
Stealth        | 2 3 4 |  4.4
Dodging        | 3 4 |  4.6
Fighting       | 2 |  2.7
Short Blades   | 1 2 |  2.2
Evocations     | 1 |  1.1
Ranged Weapons | |  4.8

Action                   |  1- 3 |  4- 6 || total
-------------------------+-------+-------++-------
Melee: Dagger            |     4 |    17 ||    21
       Punch             |       |     1 ||     1
 Fire: Shortbow          |    81 |   107 ||   188
  Use: Potion            |     4 |       ||     4
       Scroll            |     2 |     9 ||    11
 Stab: Sleeping          |     1 |       ||     1
Armor: Robe              |    11 |     7 ||    18
Dodge: Dodged            |    54 |    53 ||   107
